 Dungeon Crawl Stone Soup version 0.26-a0-20-g5f92b90fa0 (webtiles) character file.

Game seed: 11435927541680939645, levelgen mode: deterministic

2413 Aviak the Destroyer (level 9, -9/57 HPs)
             Began as a Demonspawn Fire Elementalist on May 25, 2020.
             Was a Follower of Vehumet.
             Mangled by a large slime creature (29 damage)
             ... on level 10 of the Dungeon.
             The game lasted 00:14:57 (8024 turns).

Aviak the Destroyer (Demonspawn Fire Elementalist)  Turns: 8024, Time: 00:14:57

Health: -9/57      AC:  6    Str:  8    XL:     9   Next: 23%
Magic:  5/13       EV: 12    Int: 19    God:    Vehumet [*.....]
Gold:   93         SH:  0    Dex: 15    Spells: 6/14 levels left

rFire    . . .     SeeInvis .   H - +2 lajatang (protect)
rCold    + . .     Gourm    .   (shield currently unavailable)
rNeg     . . .     Faith    .   a - +0 robe
rPois    .         Spirit   .   (no helmet)
rElec    .         Reflect  .   (no cloak)
rCorr    .         Harm     .   e - +0 pair of gloves
MR       +....                  (no boots)
Stlth    ++........             (no amulet)
HPRegen  0.59/turn              M - ring of protection from magic
MPRegen  0.13/turn              C - ring of protection from cold

@: no status effects
A: hooves 2, yellow scales 2, demonic guardian 1, regeneration 1, evolution 1
a: Renounce Religion


You were on level 10 of the Dungeon.
You worshipped Vehumet.
Vehumet was aware of your devotion.
You were hungry.

You visited 2 branches of the dungeon, and saw 9 of its levels.

You collected 412 gold pieces.
You spent 319 gold pieces at shops.

Inventory:

Hand Weapons
 v - a +2 flail of protection
 H - a +2 lajatang of protection (weapon)
Armour
 a - a +0 robe (worn)
 e - a +0 pair of gloves (worn)
 x - a +0 tower shield
Jewellery
 m - an uncursed ring of flight
 n - an uncursed ring of fire
 s - an uncursed ring of fire
 y - an uncursed ring of positive energy
 z - an uncursed ring of positive energy
 C - a ring of protection from cold (right hand)
 M - a ring of protection from magic (left hand)
Wands
 w - a wand of enslavement (6)
 A - a wand of disintegration (18)
 F - a wand of clouds (5)
Scrolls
 g - 5 scrolls of fog
 i - 3 scrolls of identify
 j - 2 scrolls of amnesia
 k - 2 scrolls of magic mapping {unknown}
 p - 2 scrolls of enchant armour {unknown}
 r - 4 scrolls of remove curse
 t - a scroll of teleportation {unknown}
 B - a scroll of blinking {unknown}
Potions
 b - 2 potions of might
 c - a potion of curing
 f - 2 potions of haste
 h - 4 potions of heal wounds
 l - 2 potions of cancellation
 q - a potion of ambrosia {unknown}
 D - 2 potions of flight {unknown}
 G - a potion of resistance
Comestibles
 d - 3 chunks of flesh
 o - 17 rations


   Skills:
 - Level 1.7 Dodging
 - Level 1.7 Stealth
 - Level 3.0 Spellcasting
 + Level 8.6 Conjurations
 + Level 8.4 Fire Magic


You had 6 spell levels left.
You knew the following spells:

 Your Spells              Type           Power        Failure   Level  Hunger
a - Foxfire               Conj/Fire      ####         1%          1    None
b - Conjure Flame         Conj/Fire      #####...     1%          3    ###....
c - Sticky Flame          Conj/Fire      #####...     4%          4    ####...

Your spell library contained the following spells:

 Spells                   Type           Power        Failure   Level  Hunger
 Sandblast                Erth           #.....       16%         1    None
 Stone Arrow              Conj/Erth      ###...       8%          3    ###....
 Inner Flame              Hex/Fire       ###.....     9%          3    ###....
 Fireball                 Conj/Fire      #####.....   13%         5    ######.
 Beastly Appendage        Tmut           #.....       16%         1    None
 Summon Small Mammal      Summ           #...         16%         1    None
 Call Imp                 Summ           #.......     22%         2    ##.....
 Sticks to Snakes         Tmut           #.......     22%         2    ##.....
 Bolt of Magma            Conj/Fire/Erth ###.......   38%         5    ######.
 Call Canine Familiar     Summ           #.......     41%         3    ###....
 Spider Form              Tmut/Pois      #.........   41%         3    ###....
 Summon Guardian Golem    Hex/Summ       #.......     41%         3    ###....
 Ice Form                 Ice/Tmut       #.......     83%         4    ####...
 Summon Ice Beast         Ice/Summ       #.......     83%         4    ####...
 Summon Lightning Spire   Summ/Air       #.......     83%         4    ####...
 Blade Hands              Tmut           #.........   99%         5    ######.
 Iron Shot                Conj/Erth      ###.......   99%         6    #######
 Dispersal                Tloc           #.........   100%        6    #######


Dungeon Overview and Level Annotations

Branches:
Dungeon (7/15)             Temple (1/1) D:5

Altars:
Cheibriados
Dithmenos
Elyvilon
Fedhas
Gozag
Kikubaaqudgha
Nemelex Xobeh
Okawaru
Qazlal
Ru
Sif Muna
Trog
Uskayaw
Vehumet
Wu Jian
Xom
Yredelemnul
Zin
The Shining One

Shops:
D:6 !


Innate Abilities, Weirdness & Mutations

You have hoof-like feet.
You are mostly covered in yellow scales. (AC +3)
A weak demonic guardian rushes to your aid.
Your natural rate of healing is unusually fast.
You evolve.


Message History

The very large slime creature burns!
The large slime creature burns!
The very large slime creature burns!
The large slime creature burns!
Your ufetubus hits the large slime creature. x4
Casting: Sticky Flame (dangerous; 4% risk of failure)
Confirm with . or Enter, or press ? or * to list all spells.
The fire begins to smolder!
The very large slime creature burns!
The large slime creature burns!
The large slime creature hits your ufetubus!!
Your ufetubus dies!
The very large slime creature burns!
The large slime creature burns!
The fire ignites!
Casting: Conjure Flame (safe; 1% risk of failure)
Confirm with . or Enter, or press ? or * to list all spells.
The fire begins to smolder!
The slime creature quivers.
The very large slime creature burns!
The large slime creature burns!
The large slime creature is engulfed in blazing flames.
The large slime creature hits you!!
Ouch! That really hurt!
You die...

.... #.....# ...
#.J)..# .. #.....#
. #.....# #.....#
#J....# .. #.....#
#.. #J....#
#..######@....#
#.............#
#....>...<....#
####.............#
#................#
#..######........#
#..#....#........#
#..#....#........#
#..#....#........#


You could see a very large slime creature (burning), a large slime creature
(burning) and a slime creature.

Vanquished Creatures
  A hornet (D:10)
  Sigmund (D:3)
  Duvessa (D:7)
  A water moccasin (D:6)
  3 orc warriors
  A sky beast (D:10)
  An ogre (D:7)
  A phantom (D:7)
  A bullfrog (D:6)
  3 scorpions
  Dowan (D:7)
  A howler monkey (D:6)
  2 orc wizards
  2 hounds
  A jelly (D:6)
  An orc priest (D:10)
  A centaur skeleton (D:4)
  2 iguanas
  A bullfrog skeleton (D:10)
  3 worker ants
  A hound zombie (D:6)
  3 gnolls (D:5)
  6 adders
  4 oozes
  An adder zombie (D:5)
  4 worms
  A dart slug (D:2)
  5 leopard geckos
  19 orcs
  6 giant cockroaches
  8 goblins
  7 hobgoblins
  2 jackals
  6 kobolds
  A quokka (D:2)
  A ball python (D:3)
  12 bats
  3 frilled lizards
  A leopard gecko skeleton (D:4)
  2 quokka skeletons
  4 rats
126 creatures vanquished.

Vanquished Creatures (collateral kills)
  Pikel (D:5)
  Edmund (D:5)
  3 slaves (D:5)
  An ogre (D:6)
  A crimson imp (D:5)
  An orc wizard (D:10)
  An orc (D:6)
  A jackal (D:5)
  2 frilled lizards
12 creatures vanquished.

Vanquished Creatures (others)
  A slave (D:5)
  315 foxfires
316 creatures vanquished.

Grand Total: 454 creatures vanquished

Notes
Turn   | Place    | Note
-------+----------+-------------------------------------------
     0 | D:1      | Aviak the Demonspawn Fire Elementalist began the quest for
                  | the Orb.
     0 | D:1      | Reached XP level 1. HP: 13/13 MP: 3/3
   275 | D:1      | Gained mutation: You are partially covered in yellow
                  | scales. (AC +2) [demonic ancestry]
   275 | D:1      | Reached XP level 2. HP: 11/19 MP: 1/5
  1258 | D:2      | Gained mutation: You are mostly covered in yellow scales.
                  | (AC +3) [demonic ancestry]
  1258 | D:2      | Reached XP level 3. HP: 24/24 MP: 2/6
  1775 | D:2      | Found a sparkling altar of Nemelex Xobeh.
  1828 | D:2      | Found a hide-covered altar of Uskayaw.
  2236 | D:3      | Reached XP level 4. HP: 30/30 MP: 2/8
  2780 | D:3      | Noticed Sigmund
  2791 | D:3      | Gained mutation: You evolve. [potion of mutation]
  2791 | D:3      | Gained mutation: You are resistant to hostile enchantments.
                  | (MR+) [potion of mutation]
  2791 | D:3      | Gained mutation: Your natural rate of healing is unusually
                  | fast. [potion of mutation]
  2801 | D:3      | Killed Sigmund
  2801 | D:3      | Gained mutation: A weak demonic guardian rushes to your
                  | aid. [demonic ancestry]
  2801 | D:3      | Reached XP level 5. HP: 13/35 MP: 9/9
  2874 | D:3      | Learned a level 3 spell: Conjure Flame
  2879 | D:3      | Learned a level 4 spell: Sticky Flame
  3066 | D:4      | Found a shimmering altar of Xom.
  3287 | D:4      | Found Raxeg's Gadget Emporium.
  3307 | D:4      | Reached XP level 6. HP: 39/41 MP: 5/10
  3394 | D:4      | Found a stormy altar of Qazlal.
  3608 | D:4      | HP: 2/41 [iguana (13)]
  4262 | D:5      | Entered Level 5 of the Dungeon
  4314 | D:5      | Reached skill level 5 in Fire Magic
  4698 | D:5      | Found a white marble altar of Elyvilon.
  4876 | D:5      | Identified the Guide on Conjuration and Translocation
  4894 | D:5      | Noticed a slave
  4895 | D:5      | Noticed a slave
  4896 | D:5      | Noticed Pikel
  4896 | D:5      | Noticed a slave
  4899 | D:5      | Noticed a slave
  4911 | D:5      | Noticed Edmund
  4926 | D:5      | Killed a slave
  4956 | D:5      | Killed a slave
  5028 | D:5      | Killed a slave
  5066 | D:5      | Killed Edmund
  5066 | D:5      | Reached XP level 7. HP: 46/46 MP: 2/11
  5068 | D:5      | Killed Pikel
  5092 | D:5      | Lost mutation: You are resistant to hostile enchantments.
                  | (MR+) [evolution]
  5290 | D:5      | Gained mutation: You have large cloven feet. [demonic
                  | ancestry]
  5290 | D:5      | Reached XP level 8. HP: 49/52 MP: 12/12
  5305 | D:5      | Found a staircase to the Ecumenical Temple.
  5386 | Temple   | Entered the Ecumenical Temple
  5783 | D:5      | Found a basalt altar of Yredelemnul.
  5810 | D:5      | Found a glowing golden altar of the Shining One.
  5813 | D:5      | Found a radiant altar of Vehumet.
  6134 | D:5      | Became a worshipper of Vehumet
  6236 | D:6      | Found a bloodstained altar of Trog.
  6577 | D:6      | Found Muite's Distillery.
  6582 | D:6      | Bought a potion of heal wounds for 55 gold pieces
  6582 | D:6      | Bought a potion of haste for 110 gold pieces
  6582 | D:6      | Bought 2 potions of heal wounds for 110 gold pieces
  6582 | D:6      | Bought a potion of might for 44 gold pieces
  6935 | D:7      | Noticed Duvessa
  6935 | D:7      | Noticed Dowan
  6956 | D:7      | Killed Dowan
  6958 | D:7      | Killed Duvessa
  7412 | D:7      | You fall into a shaft and drop 3 floors!
  7412 | D:10     | Entered Level 10 of the Dungeon
  7482 | D:10     | Gained mutation: You have hoof-like feet. [demonic
                  | ancestry]
  7482 | D:10     | Reached XP level 9. HP: 46/57 MP: 8/13
  7487 | D:10     | Reached * piety under Vehumet
  7487 | D:10     | Offered knowledge of Sandblast by Vehumet.
  8024 | D:10     | Mangled by a large slime creature

Illustrated notes

Levels and vault maps discovered:
D:1:      evilmike_arrival_crescent, layout_loops_ring, dk_noncrumbling_4,
          minmay_misc_feat_plants, hangedman_decor_points
D:2:      layout_loops_ring, nemelex_xobeh_ov_fountains_minmay,
          eat_drink_and_be_merry_uskayaw, minmay_mini_jars
D:3:      layout_rooms, uniq_sigmund
D:4:      layout_loops_ring, nicolae_overflow_hidden_temple, xom_teletrap_fun,
          serial_shops, nicolae_shop_stone, first_ration
D:5:      layout_loops_corners, minitemple, minmay_temple_entry_grid,
          ebering_dispersal_statue_hall, elyvilon_altar_1, uniq_pikel,
          uniq_edmund
D:6:      layout_cave_pools, old_standard_altar, serial_shops,
          nicolae_shop_stone
D:7:      lemuel_ratsnest, layout_loops_ring, uniq_duvessa
D:10:     layout_irregular_city, serial_shops, shop
Temple:   minmay_temple_curvy_loop

Skill      XL: |  1  2  3  4  5  6  7  8 |
---------------+-------------------------+-----
Fire Magic     | 3 4 5 6 8 |  8.4
Conjurations   | 2 3 4 6 8 |  8.6
Spellcasting   | 3 |  3.0
Dodging        | |  1.7
Stealth        | |  1.7

Action                   |  1- 3 |  4- 6 |  7- 9 || total
-------------------------+-------+-------+-------++-------
Melee: Dagger            |    59 |   183 |       ||   242
       Unarmed           |     1 |       |       ||     1
       Flail             |       |       |   124 ||   124
       Kick              |       |       |    31 ||    31
       Lajatang          |       |       |    35 ||    35
 Cast: Foxfire           |    77 |   113 |    46 ||   236
       Conjure Flame     |       |     5 |     7 ||    12
       Sticky Flame      |       |       |     6 ||     6
Evoke: Wand              |       |     1 |     2 ||     3
  Use: Potion            |       |     9 |       ||     9
       Scroll            |       |       |     5 ||     5
 Stab: Sleeping          |     2 |     5 |     2 ||     9
  Eat: Chunk             |     4 |     9 |    12 ||    25
Armor: Robe              |    33 |    69 |    75 ||   177
Dodge: Dodged            |    61 |   148 |   129 ||   338

Table legend:
 A = Non-vault XP
 B = Vault XP
 C = Vault XP percentage of total XP
 D = Non-vault monster count
 E = Vault monster count
 F = Vault count percentage of total count
                 A         B        C        D         E       F
            +---------+---------+-------+---------+---------+-------
      Total |    2321 |    1127 |  32.7 |     120 |      15 |  11.1
            +---------+---------+-------+---------+---------+-------
        D:1 |      34 |       0 |   0.0 |      19 |       0 |   0.0
        D:2 |      23 |      36 |  61.0 |      11 |      10 |  47.6
        D:3 |      35 |     231 |  86.8 |      19 |       1 |   5.0
        D:4 |     181 |       0 |   0.0 |      12 |       0 |   0.0
        D:5 |     321 |     681 |  68.0 |      19 |       2 |   9.5
        D:6 |     585 |       0 |   0.0 |      12 |       0 |   0.0
        D:7 |     359 |     179 |  33.3 |       7 |       2 |  22.2
       D:10 |     783 |       0 |   0.0 |      21 |       0 |   0.0
            +---------+---------+-------+---------+---------+-------
